 Dungeon Crawl Stone Soup version 0.32-a0-876-gcfddb08 (webtiles) character file.

Game seed: 6646235697847399285

22 lyrin the Shooter (level 2, -2/22 HPs)
             Began as a Merfolk Hunter on Mar 31, 2024.
             Killed from afar by Natasha (6 damage)
             ... with a magic dart
             ... on level 2 of the Dungeon.
             The game lasted 00:01:12 (595 turns).

lyrin the Shooter (Merfolk Hunter)                   Turns: 595, Time: 00:01:12

Health: -2/22      AC:  3    Str: 11    XL:     2   Next: 91%
Magic:  2/2        EV: 11    Int:  8    God:
Gold:   41         SH:  0    Dex: 17    Spells: 1/1 levels left

rFire   . . .        a - +0 shortbow
rCold   . . .        (shield currently unavailable)
rNeg    . . .        c - +0 leather armour
rPois   .            (no helmet)
rElec   .            (no cloak)
rCorr   .            (no gloves)
SInv    .            (no boots)
Will    .....        (no amulet)
Stlth   ++           (no ring)
HPRegen 0.23/turn    (no ring)
MPRegen 0.08/turn

%: no passive effects
@: no status effects
A: (nimble swimmer 2), mertail
a: no special abilities


You were on level 2 of the Dungeon.
You visited 1 branch of the dungeon, and saw 2 of its levels.

You collected 41 gold pieces.

Inventory:

Hand Weapons
 a - a +0 shortbow (weapon)
 e - a +0 dagger
Armour
 c - a +0 leather armour (worn)
Scrolls
 b - a scroll of butterflies
 d - a scroll of fog {unknown}
 f - a scroll of vulnerability {unknown}
 h - a scroll of noise {unknown}
 k - a scroll of revelation {unknown}
Potions
 g - 2 potions of brilliance {unknown}
 i - a potion of ambrosia {unknown}
 j - a potion of curing {unknown}


   Skills:
 + Level 2.2 Fighting
 + Level 3.8 Ranged Weapons
 + Level 0.2 Armour
 + Level 2.8 Dodging
 + Level 1.1 Stealth


You had one spell level left.
You didn't know any spells.
Your spell library was empty.

Dungeon Overview and Level Annotations

Branches:
Dungeon (2/15)

Altars:

Annotations:
D:2 Natasha, Sigmund


Innate Abilities, Weirdness & Mutations

((You are very nimble when in or above water. (Stealth+, EV+, Speed+++)))
Your lower body shifts to a powerful aquatic tail in water.


Message History

Unknown command.
You are too injured to fight recklessly!
Fire: a) +0 shortbow
Press: ? - help, Q - select action Shift-Dir - straight line, f/p - Natasha
Aim: Natasha (heavily wounded, 55% to hit)
You shoot an arrow. The arrow closely misses Natasha.
Unknown command.
Fire: a) +0 shortbow
Press: ? - help, Q - select action Shift-Dir - straight line, f/p - Natasha
Aim: Natasha (heavily wounded, 55% to hit)
You shoot an arrow.
The arrow hits Natasha but does no damage.
Natasha is heavily wounded.
Natasha barely misses you.
Natasha casts a spell.
Fire: a) +0 shortbow
Press: ? - help, Q - select action Shift-Dir - straight line, f/p - Natasha
Aim: Natasha (heavily wounded, 55% to hit)
You shoot an arrow.
The arrow hits Natasha but does no damage.
Natasha is heavily wounded.
Natasha claws you.
Fire: a) +0 shortbow
Press: ? - help, Q - select action Shift-Dir - straight line, f/p - Natasha
Aim: Natasha (heavily wounded, 55% to hit)
You shoot an arrow. The arrow barely misses Natasha.
The cerulean imp hits you from afar with a +1 spear.
Natasha claws you.
* * * LOW HITPOINT WARNING * * *
Natasha attacks as she pursues you! Natasha completely misses you.
The cerulean imp barely misses you.
The cerulean imp attacks as it pursues you!
The cerulean imp closely misses you. Natasha barely misses you.
Unknown command.
The cerulean imp attacks as it pursues you!
The cerulean imp misses you. Natasha casts a spell at you.
The magic dart hits you.
You die...
Natasha begins licking her fur clean.

.......# #.....#
######.# #######.###.#
####
#.######.........#<#
...#
#.#......#######.#.#
##.#
#.#.##############.#
.# #...# #...........#
.# ##### #.###########
.# #.##......# ..
#.##@# .#
###.####.##.# @+
.........##h# #
....###....5####.#####
. #...............
#.)..†..........
#.........#.....
...†........+ ....
########....# ...


You could see Natasha and a cerulean imp (summoned).

Vanquished Creatures
  2 ball pythons
  A bat (D:1)
  A giant cockroach (D:1)
  A goblin (D:1)
  4 hobgoblins (D:1)
  3 jackals (D:1)
  3 frilled lizards (D:1)
  3 kobolds
  2 rats
20 creatures vanquished.

Notes
Turn   | Place    | Note
-------+----------+-------------------------------------------
     0 | D:1      | lyrin the Merfolk Hunter began the quest for the Orb.
     0 | D:1      | Reached XP level 1. HP: 16/16 MP: 1/1
    97 | D:1      | Reached XP level 2. HP: 22/22 MP: 2/2
   515 | D:2      | Noticed Sigmund
   583 | D:2      | Noticed Natasha
   595 | D:2      | Killed from afar by Natasha

Illustrated notes

Levels and vault maps discovered:
D:1:      dpeg_arrival_connections, layout_rooms
D:2:      layout_basic, hellmonk_ecumenical_altar_blasted, uniq_natasha,
          uniq_sigmund, uniq_jessica

Action                     || total
---------------------------++-------
   Fire: Shortbow          ||    66
 Armour: Leather armour    ||    16
  Dodge: Dodged            ||    26

Table legend: (Time is in decaauts)
 A = Elapsed time spent in this place.
 B = Non-inter-level travel time spent in this place.
 C = Inter-level travel time spent in this place.
 D = Time resting spent in this place.
 E = Time spent auto-exploring this place.
 F = Levels seen in this place.
 G = Mean time per level.
                   A        B        C        D        E       F      G
               +--------+--------+--------+--------+--------+-----+--------+
         Total |    611 |    582 |     29 |      0 |    423 |   2 |  305.5 |
       Dungeon |    611 |    582 |     29 |      0 |    423 |   2 |  305.5 |
               +--------+--------+--------+--------+--------+-----+--------+

Top non-repeatable levels by time:
     D:1: 480 daAuts
     D:2: 130 daAuts
